 Dungeon Crawl Stone Soup version 0.22-a0-353-g2d6336e (webtiles) character file.

846 Deeps the Vandal (level 7, -4/37 HPs)
             Began as a Spriggan Hunter on Apr 15, 2018.
             Killed from afar by Natasha (5 damage)
             ... with a magic dart
             ... on level 4 of the Dungeon.
             The game lasted 00:06:23 (3265 turns).

Deeps the Vandal (Spriggan Hunter)                  Turns: 3265, Time: 00:06:24

Health: -4/37      AC:  3    Str: 10    XL:     7   Next: 68%
Magic:  8/8        EV: 22    Int: 13    God:
Gold:   207        SH:  0    Dex: 16    Spells: 6/6 levels left

rFire    . . .     SeeInvis +   a - +1 hunting sling
rCold    . . .     Gourm    .   (shield restricted)
rNeg     . . .     Faith    .   c - +1 robe
rPois    .         Spirit   .   (helmet restricted)
rElec    .         Reflect  .   (no cloak)
rCorr    .         Harm     .   (gloves unavailable)
MR       +....                  (boots unavailable)
Stlth    +++.......             (no amulet)
HPRegen  0.12/turn              m - ring of loudness (curse) {Stlth-}
MPRegen  0.11/turn              q - ring of wizardry {Wiz+, !d}

@: very quick
A: very small, unfitting armour, see invisible, herbivore, speed 3, slow
metabolism 2
a: no special abilities


You were on level 4 of the Dungeon.
You were not hungry.

You visited 1 branch of the dungeon, and saw 4 of its levels.

You collected 207 gold pieces.

Inventory:

Hand Weapons
 a - a +1 hunting sling (weapon)
 b - a +0 short sword
Missiles
 i - 106 stones (quivered)
 k - 6 tomahawks of dispersal {=f}
Armour
 c - a +1 robe (worn)
Jewellery
 m - a cursed ring of loudness (left hand) {Stlth-}
   (You found it on level 1 of the Dungeon)
 q - a ring of wizardry (right hand) {Wiz+, !d}
   (You found it on level 1 of the Dungeon)
Wands
 d - a wand of iceblast (8)
   (You took it off a gnoll on level 4 of the Dungeon)
Scrolls
 e - a scroll of magic mapping {!r}
 h - 2 scrolls of teleportation
 l - 6 scrolls of identify
 p - a scroll of noise {unknown}
 r - a scroll of immolation {!r}
 s - a scroll of fog {unknown}
 u - 2 scrolls of remove curse {unknown}
Potions
 g - a potion of degeneration {unknown}
 j - a potion of heal wounds {unknown}
 n - a potion of mutation {unknown}
 o - a potion of haste {unknown}
Comestibles
 f - 6 rations {@e1}


   Skills:
 + Level 3.9 Fighting
 + Level 7.1 Slings
 + Level 6.8 Dodging
 + Level 6.8 Stealth


You had 6 spell levels left.
You didn't know any spells.

Dungeon Overview and Level Annotations

Branches:
Dungeon (4/15)
 Temple: D:4-7

Altars:
Cheibriados
Elyvilon
Ru

Shops:
D:4 [

Annotations:
D:4 Natasha


Innate Abilities, Weirdness & Mutations

You are very small and have problems with some larger weapons.
You are too small for most types of armour.
You have supernaturally acute eyesight. (SInv)
You are a herbivore.
You cover ground extremely quickly.
You need to consume almost no food.


Message History

Aim: Pikel, wielding a whip of freezing and wearing a robe (severely wounded)
You shoot a stone. The stone barely misses Pikel.
The stone hits the slave.
Natasha hisses angrily.
Natasha wildly gestures.
Natasha's front paws start to glow.
Firing (i - inventory. (/) - cycle)
i - 114 stones (quivered)
Aim: Pikel, wielding a whip of freezing and wearing a robe (severely wounded)
You shoot a stone.
The stone hits Pikel but does no damage.
Pikel hits you with a whip of freezing. Pikel freezes you.
You take 7 damage, and have 12/32 hp.
MASSIVE DAMAGE!!
Unknown command.
You see here a spear.
Firing (i - inventory. (/) - cycle)
i - 113 stones (quivered)
Aim: Pikel, wielding a whip of freezing and wearing a robe (severely wounded)
You shoot a stone. The stone hits Pikel.
Firing (i - inventory. (/) - cycle)
i - 112 stones (quivered)
Aim: Pikel, wielding a whip of freezing and wearing a robe (almost dead)
You shoot a stone.
The stone hits Pikel but does no damage.
Firing (i - inventory. (/) - cycle)
i - 111 stones (quivered)
Aim: Pikel, wielding a whip of freezing and wearing a robe (almost dead)
You shoot a stone.
The stone hits Pikel but does no damage.
Firing (i - inventory. (/) - cycle)
i - 110 stones (quivered)
Aim: Pikel, wielding a whip of freezing and wearing a robe (almost dead)
You shoot a stone. The stone closely misses Pikel.
The stone hits the slave.
Firing (i - inventory. (/) - cycle)
i - 109 stones (quivered)
Aim: Pikel, wielding a whip of freezing and wearing a robe (almost dead)
You shoot a stone. The stone hits Pikel.
Firing (i - inventory. (/) - cycle)
i - 108 stones (quivered)
Aim: Pikel, wielding a whip of freezing and wearing a robe (almost dead)
You shoot a stone. The stone hits Pikel.
Firing (i - inventory. (/) - cycle)
i - 107 stones (quivered)
Aim: Pikel, wielding a whip of freezing and wearing a robe (almost dead)
You shoot a stone. The stone closely misses Pikel.
The stone closely misses the slave.
The stone hits the slave.
Pikel hits you with a whip of freezing!
* * * LOW HITPOINT WARNING * * *
Pikel freezes you.
* * * LOW HITPOINT WARNING * * *
You take 8 damage, and have 5/32 hp.
MASSIVE DAMAGE!!
Unknown command.
You see here a whip.
Natasha mumbles some strange words.
Things that are here:
a flail; 10 stones; a gnoll corpse You see here 2 stones.
Firing (i - inventory. (/) - cycle)
i - 106 stones (quivered)
Aim: Pikel, wielding a whip of freezing and wearing a robe (almost dead)
You shoot a stone. The stone hits Pikel.
You kill Pikel!
Your Slings skill increases to level 7!
Your Dodging skill increases to level 6!
Your Stealth skill increases to level 6!
You have reached level 7!
With Pikel's spell broken, the former slave thanks you for its freedom.
MP restored: 8
i - 107 stones (gained 2)
You see here a stone.
i - 108 stones (gained 1)
The freed slave barely misses something.
Something barely misses the freed slave.
i - 109 stones (gained 1)
There are no items here.
You see here a stone.
i - 110 stones (gained 1) Firing (i - inventory. (/) - cycle)
i - 110 stones (quivered)
Aim: Natasha You can't see any item there.
You shoot a stone. The stone misses Natasha.
Firing (i - inventory. (/) - cycle)
i - 109 stones (quivered)
Aim: Natasha Really fire in the non-hostile freed slave's direction? [Y]es or [N]o only, please.
Really fire in the non-hostile freed slave's direction?
Okay, then.
Firing (i - inventory. (/) - cycle)
i - 109 stones (quivered)
Aim: Natasha Really fire in the non-hostile freed slave's direction?
You shoot a stone. The stone closely misses Natasha.
The stone closely misses the freed slave.
Firing (i - inventory. (/) - cycle)
i - 108 stones (quivered)
Aim: Natasha You shoot a stone.
The stone barely misses Natasha.
Natasha casts a spell.
Firing (i - inventory. (/) - cycle)
i - 107 stones (quivered)
Aim: Natasha You shoot a stone.
The stone barely misses Natasha.
Natasha stares at you and mumbles some strange words.
The magic dart hits you!
* * * LOW HITPOINT WARNING * * *
You take 7 damage, and have 1/37 hp.
Unknown command.
Found Haross's Armour Emporium.
Natasha casts a spell at you. The magic dart hits you!
You die...

#.....###..######.#
#..........# ####.#
#†.........###...(#
#...........##.##.#
#.........#.##(##.#######
##.##.....#.##....(..#..<
#.##.....#..####)#.##)##
.................#.)..#
........@...h5...(######
........##.........#
......#..........#
..#'#............#
..'∩'.#...(......#
###'#............#
...............#
..............#
.....###.#..#.#


You could see Natasha and a crimson imp.

Vanquished Creatures
  Pikel (D:4)
  A slave (D:4)
  A gnoll shaman (D:4)
  A hound (D:4)
  A worker ant (D:4)
  2 orc wizards (D:3)
  A hound skeleton (D:4)
  10 gnolls
  3 adders
  An ooze (D:2)
  An adder skeleton (D:4)
  2 worms (D:3)
  4 dart slugs
  2 leopard geckos
  10 orcs
  5 bats
  6 giant cockroaches
  6 goblins
  3 hobgoblins
  12 jackals
  7 quokkas
  A ball python (D:2)
  2 frilled lizards (D:3)
  6 kobolds
  7 rats
96 creatures vanquished.

Notes
Turn   | Place    | Note
-------+----------+-------------------------------------------
     0 | D:1      | Deeps the Spriggan Hunter began the quest for the Orb.
     0 | D:1      | Reached XP level 1. HP: 10/10 MP: 2/2
   114 | D:1      | Reached skill level 2 in Stealth
   174 | D:1      | Reached skill level 5 in Slings
   205 | D:1      | Reached XP level 2. HP: 15/15 MP: 3/3
   957 | D:2      | Reached skill level 2 in Fighting
   957 | D:2      | Reached XP level 3. HP: 14/18 MP: 4/4
   969 | D:2      | Reached skill level 3 in Stealth
   978 | D:2      | Reached skill level 4 in Dodging
  1072 | D:2      | Reached XP level 4. HP: 21/23 MP: 5/5
  1326 | D:2      | Found a snail-covered altar of Cheibriados.
  1573 | D:2      | Found a sacrificial altar of Ru.
  2136 | D:3      | Reached skill level 4 in Stealth
  2136 | D:3      | Reached XP level 5. HP: 26/27 MP: 6/6
  2223 | D:3      | Found a white marble altar of Elyvilon.
  2653 | D:4      | Reached skill level 5 in Dodging
  2662 | D:4      | Reached skill level 6 in Slings
  2747 | D:4      | Reached XP level 6. HP: 20/32 MP: 7/7
  2869 | D:4      | Noticed a slave
  2904 | D:4      | Reached skill level 3 in Fighting
  2904 | D:4      | Reached skill level 5 in Stealth
  2936 | D:4      | Killed a slave
  3189 | D:4      | Noticed Pikel
  3192 | D:4      | Noticed a slave
  3196 | D:4      | Noticed a slave
  3201 | D:4      | Noticed a slave
  3216 | D:4      | Noticed Natasha
  3236 | D:4      | HP: 6/32 [Pikel/whip of freezing (7)]
  3247 | D:4      | Killed Pikel
  3247 | D:4      | Reached skill level 7 in Slings
  3247 | D:4      | Reached skill level 6 in Dodging
  3247 | D:4      | Reached skill level 6 in Stealth
  3247 | D:4      | Reached XP level 7. HP: 6/37 MP: 8/8
  3261 | D:4      | HP: 1/37 [Natasha/magic dart (7)]
  3262 | D:4      | Found Haross's Armour Emporium.
  3265 | D:4      | Killed from afar by Natasha

Vault maps used:
D:1:      minmay_arrival_radiant_lines, minmay_pentomino_v4
D:2:      wad_woods_stonehenge, nicolae_overflow_crystal_walls
D:3:      elyvilon_altar_3, first_ration
D:4:      serial_shops, nicolae_shop_behind_doors, minmay_ogre_servants,
          uniq_natasha, uniq_pikel

Skill      XL: |  1  2  3  4  5  6 |
---------------+-------------------+-----
Stealth        | 2 3 4 6 |  6.8
Slings         | 5 6 7 |  7.1
Fighting       | 2 3 |  3.9
Dodging        | 4 5 6 |  6.8

Action                   |  1- 3 |  4- 6 |  7- 9 || total
-------------------------+-------+-------+-------++-------
 Fire: Hunting sling     |    81 |   341 |     4 ||   426
  Use: Scroll            |     5 |       |       ||     5
       Potion            |     3 |       |       ||     3
Armor: Robe              |     4 |     6 |       ||    10
Dodge: Dodged            |    21 |   115 |       ||   136

Table legend:
 A = Spawn XP
 B = Non-spawn XP
 C = Spawn XP percentage of total XP
 D = Spawn monster count
 E = Non-spawn monster count
 F = Spawn count percentage of total count
 G = Total turns spent on level
                    A         B        C        D         E        F      G
               +---------+---------+-------+---------+---------+-------+---------
         Total |       0 |    1209 |   0.0 |       0 |      95 |   0.0 |  3265
               +---------+---------+-------+---------+---------+-------+---------
           D:1 |       0 |      35 |   0.0 |       0 |      18 |   0.0 |   893
           D:2 |       0 |      95 |   0.0 |       0 |      23 |   0.0 |  1010
           D:3 |       0 |     150 |   0.0 |       0 |      31 |   0.0 |   716
           D:4 |       0 |     929 |   0.0 |       0 |      23 |   0.0 |   646
               +---------+---------+-------+---------+---------+-------+---------

Vault maps used:
D:1:      minmay_arrival_radiant_lines, minmay_pentomino_v4
D:2:      wad_woods_stonehenge, nicolae_overflow_crystal_walls
D:3:      elyvilon_altar_3, first_ration
D:4:      serial_shops, nicolae_shop_behind_doors, minmay_ogre_servants,
          uniq_natasha, uniq_pikel

Table legend:
 A = Turns spent in this place as a percentage of turns spent in the entire game.
 B = Non-inter-level travel turns spent in this place as a percentage of non-inter-level travel turns spent in the entire game.
 C = Inter-level travel turns spent in this place as a percentage of turns spent in this place.
 D = Turns resting spent in this place as a percentage of non-inter-level travel turns spent in this place.
 E = Turns spent auto-exploring this place as a percentage of non-inter-level travel turns spent in this place.
 F = Non-inter-level travel turns spent in this place divided by the number of levels of this place that you've seen.
                   A       B       C       D       E      F
               +-------+-------+-------+-------+-------+----------------------
         Total | 100.0 | 100.0 |   4.7 |  16.6 |  62.1 | 777.8
       Dungeon | 100.0 | 100.0 |   4.7 |  16.6 |  62.1 | 777.8
               +-------+-------+-------+-------+-------+----------------------

Table legend:
 A = Kills in this place as a percentage of kills in entire the game.
 B = Kills by you in this place as a percentage of kills by you in the entire game.
 C = Kills by friends in this place as a percentage of kills by friends in the entire game.
 D = Other kills in this place as a percentage of other kills in the entire game.
 E = Experience gained in this place as a percentage of experience gained in the entire game.
 F = Experience gained in this place divided by the number of levels of this place that you have seen.
                   A       B       C       D       E      F
               +-------+-------+-------+-------+-------+----------------------
         Total | 100.0 | 100.0 |   N/A |   N/A | 100.0 | 302.2
       Dungeon | 100.0 | 100.0 |   N/A |   N/A | 100.0 | 302.2
               +-------+-------+-------+-------+-------+----------------------
